Workbook
Name FUNCIONAMIENTO: FORMATO!#REF!
Name INVERSIÓN: FORMATO!#REF!

Sheet FORMATO
F2: Proceso de Gestión Financiera Formato de Solicitud de CDP | H2: Código: | J2: F-A-3032-01
H4: Versión | J4: 2
K8: DIA | L8: MES | M8: AÑO
C9: TIPO DE SOLICITUD : | I9: FECHA SOLICITUD:
C12: =IF($E$9="EXPEDICIÓN",IF($E$9="REDUCCIÓN","No.CDP",""),"No.CDP") -> No.CDP
C14: OBJETO Y/O JUSTIFICACIÓN: (Máximo 250 caracteres)
C21: IMPUTACIÓN PRESUPUESTAL
C23: Código Rubro | D23: Descripción Rubro Presupuestal | J23: Rec | K23: Fuente | L23: Valor
D24: =IF(C24="","",VLOOKUP(C24,FBSCGR!$J$9:$K$159,2,0)) | K24: =IF(J24="","",VLOOKUP(J24,$H$1047974:$I$1047978,2,0))
D25: =IF(C25="","",VLOOKUP(C25,FBSCGR!$J$9:$K$159,2,0)) | K25: =IF(J25="","",VLOOKUP(J25,$H$1047974:$I$1047978,2,0))
D26: =IF(C26="","",VLOOKUP(C26,FBSCGR!J8:K158,2,0)) | K26: =IF(J26="","",VLOOKUP(J26,$H$1047974:$I$1047978,2,0))
D27: =IF(C27="","",VLOOKUP(C27,FBSCGR!$J$9:$K$159,2,0)) | K27: =IF(J27="","",VLOOKUP(J27,$H$1047974:$I$1047978,2,0))
D28: =IF(C28="","",VLOOKUP(C28,FBSCGR!J10:K160,2,0)) | K28: =IF(J28="","",VLOOKUP(J28,$H$1047974:$I$1047978,2,0))
D29: =IF(C29="","",VLOOKUP(C29,FBSCGR!$J$9:$K$159,2,0)) | K29: =IF(J29="","",VLOOKUP(J29,$H$1047974:$I$1047978,2,0))
D30: =IF(C30="","",VLOOKUP(C30,FBSCGR!$J$9:$K$159,2,0)) | K30: =IF(J30="","",VLOOKUP(J30,$H$1047974:$I$1047978,2,0))
D31: =IF(C31="","",VLOOKUP(C31,FBSCGR!$J$9:$K$159,2,0)) | K31: =IF(J31="","",VLOOKUP(J31,$H$1047974:$I$1047978,2,0))
D32: =IF(C32="","",VLOOKUP(C32,FBSCGR!$J$9:$K$159,2,0)) | K32: =IF(J32="","",VLOOKUP(J32,$H$1047974:$I$1047978,2,0))
D33: =IF(C33="","",VLOOKUP(C33,FBSCGR!$J$9:$K$159,2,0)) | K33: =IF(J33="","",VLOOKUP(J33,$H$1047974:$I$1047978,2,0))
D34: =IF(C34="","",VLOOKUP(C34,FBSCGR!$J$9:$K$159,2,0)) | K34: =IF(J34="","",VLOOKUP(J34,$H$1047974:$I$1047978,2,0))
D35: =IF(C35="","",VLOOKUP(C35,FBSCGR!$J$9:$K$159,2,0)) | K35: =IF(J35="","",VLOOKUP(J35,$H$1047974:$I$1047978,2,0))
D36: =IF(C36="","",VLOOKUP(C36,FBSCGR!$J$9:$K$159,2,0)) | K36: =IF(J36="","",VLOOKUP(J36,$H$1047974:$I$1047978,2,0))
D37: =IF(C37="","",VLOOKUP(C37,FBSCGR!$J$9:$K$159,2,0)) | K37: =IF(J37="","",VLOOKUP(J37,$H$1047974:$I$1047978,2,0))
D38: =IF(C38="","",VLOOKUP(C38,FBSCGR!$J$9:$K$159,2,0)) | K38: =IF(J38="","",VLOOKUP(J38,$H$1047974:$I$1047978,2,0))
D39: =IF(C39="","",VLOOKUP(C39,FBSCGR!$J$9:$K$159,2,0)) | K39: =IF(J39="","",VLOOKUP(J39,$H$1047974:$I$1047978,2,0))
D40: =IF(C40="","",VLOOKUP(C40,FBSCGR!$J$9:$K$159,2,0)) | K40: =IF(J40="","",VLOOKUP(J40,$H$1047974:$I$1047978,2,0))
... D43: =IF(C43="","",VLOOKUP(C43,FBSCGR!$J$9:$K$159,2,0)) | K43: =IF(J43="","",VLOOKUP(J43,$H$1047974:$I$1047978,2,0))
E44: VALOR TOTAL SOLICITUD | L44: =SUM(L24:N43) -> 0
C51: (Nombres y Apellidos del funcionario que adelanta el proceso) | I51: (Nombre del funcionario que aprueba el proceso)
C52: Profesional Especializado Grado 19 | I52: Director(a) Administrativa y Financiera - Ordenador del Gasto
C53: Subdirección de Desarrollo y Emprendimiento
C57: Elaboró - Aprobó | G57: Revisó: | H57: Publicación:
C58: Grupo Gestión Financiera (Área de Presupuesto) - Dirección de Gestión Corporativa | G58: Oficina de Planeación | H58: Fecha: 11 de noviembre de 2025
A1047973: SOLICITUD | B1047973: ÁREAS O DEPENDENCIAS | C1047973: CARGOS | E1047973: DIAS | F1047973: MES | G1047973: AÑO | H1047973: RECURSO | I1047973: FUENTE
A1047974: EXPEDICIÓN | B1047974: Gerencia | C1047974: Gerente | E1047974: 1 | F1047974: Enero | G1047974: 2023 | H1047974: 10 | I1047974: Nación
A1047975: ADICIÓN | B1047975: Oficina de Planeación | C1047975: Director(a) Administrativa y Financiera - Ordenador del Gasto | E1047975: 2 | F1047975: Febrero | G1047975: 2024 | H1047975: 11 | I1047975: Nación
A1047976: REDUCCIÓN | B1047976: Oficina de Asuntos Disciplinarios | C1047976: Director(a) Desarrollo y Bienestar Social | E1047976: 3 | F1047976: Marzo | G1047976: 2025 | H1047976: 16 | I1047976: Nación
A1047977: ANULACIÓN | B1047977: Asuntos Jurídicos | C1047977: Asesor(a) Financiera | E1047977: 4 | F1047977: Abril | G1047977: 2026 | H1047977: 20 | I1047977: Propios
B1047978: Control Interno | C1047978: Asesor(a) Jurídica | E1047978: 5 | F1047978: Mayo | G1047978: 2027 | H1047978: 21 | I1047978: Propios
B1047979: Dirección de Gestión Corporativa | C1047979: Asesor(a) Gerencia | E1047979: 6 | F1047979: Junio | G1047979: 2028
B1047980: Gestión Administrativa | C1047980: Subdirector(a) Bienestar y Calidad de Vida | E1047980: 7 | F1047980: Julio | G1047980: 2029
B1047981: Gestión Financiera | C1047981: Subdirector(a) Desarrollo y Emprendimiento | E1047981: 8 | F1047981: Agosto | G1047981: 2030
B1047982: Gestión de Cesantías | C1047982: Profesional Especializado Grado 24 | E1047982: 9 | F1047982: Septiembre | G1047982: 2031
B1047983: Gestión del Talento Humano y Desarrollo Organizacional | C1047983: Profesional Especializado Grado 21 | E1047983: 10 | F1047983: Octubre | G1047983: 2032
B1047984: Dirección de Desarrollo y Bienestar Social | C1047984: Profesional Especializado Grado 19 | E1047984: 11 | F1047984: Noviembre
B1047985: Subdirección de Bienestar y Calidad de Vida | C1047985: Profesional Especializado Grado 14 | E1047985: 12 | F1047985: Diciembre
B1047986: Bienestar, Recreación, Cultura y Deporte | C1047986: Profesional Universitario Grado 09 | E1047986: 13
B1047987: Seguimiento y Atención Gerencias Departamentales | C1047987: Profesional Universitario Grado 01 | E1047987: 14
B1047988: Subdirección de Desarrollo y Emprendimiento | C1047988: Coordinadora | E1047988: 15
B1047989: Centro Médico y Atención Integral en Salud | C1047989: Coordinador | E1047989: 16
B1047990: Gestión Educativa y Colegio | E1047990: 17
B1047991: Gestión de Apoyo Financiero, Crédito y Cartera | E1047991: 18
B1047992: Tecnologías de la Información y Comunicaciones | E1047992: 19
B1047993: Atención al Usuario y Enlace con Grupos de Interés | E1047993: 20
E1047994: 21
E1047995: 22
E1047996: 23
E1047997: 24
E1047998: 25
E1047999: 26
E1048000: 27
E1048001: 28
E1048002: 29
E1048003: 30
E1048004: 31

Sheet FBSCGR
J3: Identificación: | K3: Nuevo PCP Gasto
J4: Descripción: | K4: Nuevo Plan de Cuentas Presupuestal de Gastos
J5: Función: | K5: GASTO
J6: Uso: | K6: SALDOS
J7: Estado: | K7: Activo
A8: Tipo Presupuesto | B8: Cuenta / Programa | C8: Subcuenta / Subprograma | D8: Objeto / Proyecto | E8: Ordinal / Subproy | F8: SubOrdinal | G8: Item | H8: SubItem 1 | I8: Subitem 2 | J8: IDENTIFICACION | K8: DESCRIPCION | L8: Estado | M8: Entidad que desagregó | N8: Afecta Apropiación | O8: Nivel normativo | P8: Requiere Factura | Q8: Requiere Usos Presupuestales | R8: Usos Presupuestales
A9: A | J9: A | K9: FUNCIONAMIENTO | L9: Activo | N9: - | O9: Ley | P9: - | Q9: - | R9: -
A10: A | B10: 01 | J10: A-01 | K10: GASTOS DE PERSONAL | L10: Activo | N10: - | O10: - | P10: - | Q10: - | R10: -
A11: A | B11: 01 | C11: 01 | J11: A-01-01 | K11: PLANTA DE PERSONAL PERMANENTE | L11: Activo | N11: - | O11: - | P11: - | Q11: - | R11: -
A12: A | B12: 01 | C12: 01 | D12: 01 | J12: A-01-01-01 | K12: SALARIO | L12: Activo | N12: - | O12: Decreto de Liquidación | P12: - | Q12: - | R12: -
A13: A | B13: 01 | C13: 01 | D13: 01 | E13: 001 | J13: A-01-01-01-001 | K13: FACTORES SALARIALES COMUNES | L13: Activo | N13: - | O13: - | P13: - | Q13: - | R13: -
A14: A | B14: 01 | C14: 01 | D14: 01 | E14: 001 | F14: 001 | J14: A-01-01-01-001-001 | K14: SUELDO BÁSICO | L14: Activo | N14: SI | O14: Desagregado | P14: - | Q14: - | R14: SI
A15: A | B15: 01 | C15: 01 | D15: 01 | E15: 001 | F15: 003 | J15: A-01-01-01-001-003 | K15: PRIMA TÉCNICA SALARIAL | L15: Activo | N15: SI | O15: Desagregado | P15: - | Q15: - | R15: SI
A16: A | B16: 01 | C16: 01 | D16: 01 | E16: 001 | F16: 004 | J16: A-01-01-01-001-004 | K16: SUBSIDIO DE ALIMENTACIÓN | L16: Activo | N16: SI | O16: Desagregado | P16: - | Q16: - | R16: SI
A17: A | B17: 01 | C17: 01 | D17: 01 | E17: 001 | F17: 005 | J17: A-01-01-01-001-005 | K17: AUXILIO DE TRANSPORTE | L17: Activo | N17: SI | O17: Desagregado | P17: - | Q17: - | R17: SI
A18: A | B18: 01 | C18: 01 | D18: 01 | E18: 001 | F18: 006 | J18: A-01-01-01-001-006 | K18: PRIMA DE SERVICIO | L18: Activo | N18: SI | O18: Desagregado | P18: - | Q18: - | R18: SI
A19: A | B19: 01 | C19: 01 | D19: 01 | E19: 001 | F19: 007 | J19: A-01-01-01-001-007 | K19: BONIFICACIÓN POR SERVICIOS PRESTADOS | L19: Activo | N19: SI | O19: Desagregado | P19: - | Q19: - | R19: SI
A20: A | B20: 01 | C20: 01 | D20: 01 | E20: 001 | F20: 008 | J20: A-01-01-01-001-008 | K20: HORAS EXTRAS, DOMINICALES, FESTIVOS Y RECARGOS | L20: Activo | N20: SI | O20: Desagregado | P20: - | Q20: - | R20: SI
A21: A | B21: 01 | C21: 01 | D21: 01 | E21: 001 | F21: 009 | J21: A-01-01-01-001-009 | K21: PRIMA DE NAVIDAD | L21: Activo | N21: SI | O21: Desagregado | P21: - | Q21: - | R21: SI
A22: A | B22: 01 | C22: 01 | D22: 01 | E22: 001 | F22: 010 | J22: A-01-01-01-001-010 | K22: PRIMA DE VACACIONES | L22: Activo | N22: SI | O22: Desagregado | P22: - | Q22: - | R22: SI
A23: A | B23: 01 | C23: 01 | D23: 01 | E23: 002 | F23: 025 | J23: A-01-01-01-002-025 | K23: ASIGNACIÓN ADICIONAL A DIRECTIVOS DOCENTES | L23: Activo | N23: SI | O23: Desagregado | P23: - | Q23: - | R23: -
A24: A | B24: 01 | C24: 01 | D24: 02 | J24: A-01-01-02 | K24: CONTRIBUCIONES INHERENTES A LA NÓMINA | L24: Activo | N24: - | O24: Decreto de Liquidación | P24: - | Q24: - | R24: -
A25: A | B25: 01 | C25: 01 | D25: 02 | E25: 001 | J25: A-01-01-02-001 | K25: APORTES A LA SEGURIDAD SOCIAL EN PENSIONES | L25: Activo | N25: SI | O25: Desagregado | P25: - | Q25: - | R25: SI
A26: A | B26: 01 | C26: 01 | D26: 02 | E26: 002 | J26: A-01-01-02-002 | K26: APORTES A LA SEGURIDAD SOCIAL EN SALUD | L26: Activo | N26: SI | O26: Desagregado | P26: - | Q26: - | R26: SI
A27: A | B27: 01 | C27: 01 | D27: 02 | E27: 003 | J27: A-01-01-02-003 | K27: AUXILIO DE CESANTÍAS | L27: Activo | N27: SI | O27: Desagregado | P27: - | Q27: - | R27: SI
A28: A | B28: 01 | C28: 01 | D28: 02 | E28: 004 | J28: A-01-01-02-004 | K28: APORTES A CAJAS DE COMPENSACIÓN FAMILIAR | L28: Activo | N28: SI | O28: Desagregado | P28: - | Q28: - | R28: SI
A29: A | B29: 01 | C29: 01 | D29: 02 | E29: 005 | J29: A-01-01-02-005 | K29: APORTES GENERALES AL SISTEMA DE RIESGOS LABORALES | L29: Activo | N29: SI | O29: Desagregado | P29: - | Q29: - | R29: SI
A30: A | B30: 01 | C30: 01 | D30: 02 | E30: 006 | J30: A-01-01-02-006 | K30: APORTES AL ICBF | L30: Activo | N30: SI | O30: Desagregado | P30: - | Q30: - | R30: SI
A31: A | B31: 01 | C31: 01 | D31: 02 | E31: 007 | J31: A-01-01-02-007 | K31: APORTES AL SENA | L31: Activo | N31: SI | O31: Desagregado | P31: - | Q31: - | R31: SI
A32: A | B32: 01 | C32: 01 | D32: 03 | J32: A-01-01-03 | K32: REMUNERACIONES NO CONSTITUTIVAS DE FACTOR SALARIAL | L32: Activo | N32: - | O32: Decreto de Liquidación | P32: - | Q32: - | R32: -
A33: A | B33: 01 | C33: 01 | D33: 03 | E33: 001 | J33: A-01-01-03-001 | K33: PRESTACIONES SOCIALES SEGÚN DEFINICIÓN LEGAL | L33: Activo | N33: - | O33: - | P33: - | Q33: - | R33: -
A34: A | B34: 01 | C34: 01 | D34: 03 | E34: 001 | F34: 001 | J34: A-01-01-03-001-001 | K34: VACACIONES | L34: Activo | N34: SI | O34: Desagregado | P34: - | Q34: - | R34: SI
A35: A | B35: 01 | C35: 01 | D35: 03 | E35: 001 | F35: 002 | J35: A-01-01-03-001-002 | K35: INDEMNIZACIÓN POR VACACIONES | L35: Activo | N35: SI | O35: Desagregado | P35: - | Q35: - | R35: SI
A36: A | B36: 01 | C36: 01 | D36: 03 | E36: 001 | F36: 003 | J36: A-01-01-03-001-003 | K36: BONIFICACIÓN ESPECIAL DE RECREACIÓN | L36: Activo | N36: SI | O36: Desagregado | P36: - | Q36: - | R36: SI
A37: A | B37: 01 | C37: 01 | D37: 03 | E37: 002 | J37: A-01-01-03-002 | K37: PRIMA TÉCNICA NO SALARIAL | L37: Activo | N37: SI | O37: Desagregado | P37: - | Q37: - | R37: SI
A38: A | B38: 01 | C38: 01 | D38: 03 | E38: 016 | J38: A-01-01-03-016 | K38: PRIMA DE COORDINACIÓN | L38: Activo | N38: SI | O38: Desagregado | P38: - | Q38: - | R38: SI
A39: A | B39: 01 | C39: 01 | D39: 03 | E39: 017 | J39: A-01-01-03-017 | K39: PRIMA DE ALTA GESTIÓN | L39: Activo | N39: SI | O39: Desagregado | P39: - | Q39: - | R39: SI
A40: A | B40: 01 | C40: 01 | D40: 03 | E40: 030 | J40: A-01-01-03-030 | K40: BONIFICACIÓN DE DIRECCIÓN | L40: Activo | N40: SI | O40: Desagregado | P40: - | Q40: - | R40: SI
A41: A | B41: 01 | C41: 01 | D41: 03 | E41: 038 | J41: A-01-01-03-038 | K41: QUINQUENIOS | L41: Activo | N41: - | O41: - | P41: - | Q41: - | R41: -
A42: A | B42: 01 | C42: 01 | D42: 03 | E42: 038 | F42: 002 | J42: A-01-01-03-038-002 | K42: BENEFICIOS A LOS EMPLEADOS A LARGO PLAZO | L42: Activo | N42: SI | O42: Desagregado | P42: - | Q42: - | R42: SI
A43: A | B43: 02 | J43: A-02 | K43: ADQUISICIÓN DE BIENES Y SERVICIOS | L43: Activo | N43: - | O43: Decreto de Liquidación | P43: - | Q43: - | R43: NO
A44: A | B44: 02 | C44: 01 | J44: A-02-01 | K44: ADQUISICIÓN DE ACTIVOS NO FINANCIEROS | L44: Activo | N44: - | O44: - | P44: - | Q44: - | R44: -
A45: A | B45: 02 | C45: 01 | D45: 01 | J45: A-02-01-01 | K45: ACTIVOS FIJOS | L45: Activo | N45: - | O45: - | P45: - | Q45: - | R45: -
A46: A | B46: 02 | C46: 01 | D46: 01 | E46: 003 | J46: A-02-01-01-003 | K46: ACTIVOS FIJOS NO CLASIFICADOS COMO MAQUINARIA Y EQUIPO | L46: Activo | N46: - | O46: - | P46: - | Q46: - | R46: -
A47: A | B47: 02 | C47: 01 | D47: 01 | E47: 003 | F47: 008 | J47: A-02-01-01-003-008 | K47: MUEBLES, INSTRUMENTOS MUSICALES, ARTÍCULOS DE DEPORTE Y ANTIGÜEDADES | L47: Activo | N47: SI | O47: Desagregado | P47: - | Q47: SI | R47: -
A48: A | B48: 02 | C48: 01 | D48: 01 | E48: 004 | F48: 003 | J48: A-02-01-01-004-003 | K48: MAQUINARIA PARA USO GENERAL | L48: Activo | N48: SI | O48: Desagregado | P48: - | Q48: SI | R48: -
A49: A | B49: 02 | C49: 01 | D49: 01 | E49: 004 | F49: 004 | J49: A-02-01-01-004-004 | K49: MAQUINARIA PARA USOS ESPECIALES | L49: Activo | N49: SI | O49: Desagregado | P49: - | Q49: SI | R49: -
A50: A | B50: 02 | C50: 01 | D50: 01 | E50: 004 | F50: 005 | J50: A-02-01-01-004-005 | K50: MAQUINARIA DE OFICINA, CONTABILIDAD E INFORMÁTICA | L50: Activo | N50: SI | O50: Desagregado | P50: - | Q50: SI | R50: -
A51: A | B51: 02 | C51: 01 | D51: 01 | E51: 004 | F51: 006 | J51: A-02-01-01-004-006 | K51: MAQUINARIA Y APARATOS ELÉCTRICOS | L51: Activo | N51: SI | O51: Desagregado | P51: - | Q51: SI | R51: -
A52: A | B52: 02 | C52: 01 | D52: 01 | E52: 004 | F52: 007 | J52: A-02-01-01-004-007 | K52: EQUIPO Y APARATOS DE RADIO, TELEVISIÓN Y COMUNICACIONES | L52: Activo | N52: SI | O52: Desagregado | P52: - | Q52: SI | R52: -
A53: A | B53: 02 | C53: 01 | D53: 01 | E53: 004 | F53: 008 | J53: A-02-01-01-004-008 | K53: APARATOS MÉDICOS, INSTRUMENTOS ÓPTICOS Y DE PRECISIÓN, RELOJES | L53: Activo | N53: SI | O53: Desagregado | P53: - | Q53: SI | R53: -
A54: A | B54: 02 | C54: 01 | D54: 01 | E54: 004 | F54: 009 | J54: A-02-01-01-004-009 | K54: EQUIPO DE TRANSPORTE | L54: Activo | N54: SI | O54: Desagregado | P54: - | Q54: SI | R54: -
A55: A | B55: 02 | C55: 01 | D55: 01 | E55: 006 | F55: 002 | J55: A-02-01-01-006-002 | K55: PRODUCTOS DE LA PROPIEDAD INTELECTUAL | L55: Activo | N55: SI | O55: Desagregado | P55: - | Q55: SI | R55: -
A56: A | B56: 02 | C56: 02 | J56: A-02-02 | K56: ADQUISICIONES DIFERENTES DE ACTIVOS | L56: Activo | N56: - | O56: - | P56: - | Q56: - | R56: -
A57: A | B57: 02 | C57: 02 | D57: 01 | J57: A-02-02-01 | K57: MATERIALES Y SUMINISTROS | L57: Activo | N57: - | O57: - | P57: - | Q57: - | R57: -
A58: A | B58: 02 | C58: 02 | D58: 01 | E58: 001 | J58: A-02-02-01-001 | K58: MINERALES; ELECTRICIDAD, GAS Y AGUA | L58: Activo | N58: - | O58: - | P58: - | Q58: SI | R58: -
A59: A | B59: 02 | C59: 02 | D59: 01 | E59: 001 | F59: 005 | J59: A-02-02-01-001-005 | K59: PIEDRA, ARENA Y ARCILLA | L59: Activo | N59: SI | O59: Desagregado | P59: SI | Q59: - | R59: SI
A60: A | B60: 02 | C60: 02 | D60: 01 | E60: 002 | F60: 003 | J60: A-02-02-01-002-003 | K60: PRODUCTOS DE MOLINERÍA, ALMIDONES Y PRODUCTOS DERIVADOS DEL ALMIDÓN; OTROS PRODUCTOS ALIMENTICIOS | L60: Activo | N60: SI | O60: Desagregado | P60: - | Q60: SI | R60: -
A61: A | B61: 02 | C61: 02 | D61: 01 | E61: 002 | F61: 004 | J61: A-02-02-01-002-004 | K61: BEBIDAS | L61: Activo | N61: SI | O61: Desagregado | P61: - | Q61: SI | R61: -
A62: A | B62: 02 | C62: 02 | D62: 01 | E62: 002 | F62: 006 | J62: A-02-02-01-002-006 | K62: HILADOS E HILOS; TEJIDOS DE FIBRAS TEXTILES INCLUSO AFELPADOS | L62: Activo | N62: SI | O62: Desagregado | P62: SI | Q62: - | R62: SI
A63: A | B63: 02 | C63: 02 | D63: 01 | E63: 002 | F63: 007 | J63: A-02-02-01-002-007 | K63: ARTÍCULOS TEXTILES (EXCEPTO PRENDAS DE VESTIR) | L63: Activo | N63: SI | O63: Desagregado | P63: SI | Q63: - | R63: SI
A64: A | B64: 02 | C64: 02 | D64: 01 | E64: 002 | F64: 008 | J64: A-02-02-01-002-008 | K64: DOTACIÓN (PRENDAS DE VESTIR Y CALZADO) | L64: Activo | N64: SI | O64: Desagregado | P64: SI | Q64: - | R64: SI
A65: A | B65: 02 | C65: 02 | D65: 01 | E65: 002 | F65: 009 | J65: A-02-02-01-002-009 | K65: CUERO Y PRODUCTOS DE CUERO; CALZADO | L65: Activo | N65: SI | O65: Desagregado | P65: - | Q65: SI | R65: -
A66: A | B66: 02 | C66: 02 | D66: 01 | E66: 003 | F66: 001 | J66: A-02-02-01-003-001 | K66: PRODUCTOS DE MADERA, CORCHO, CESTERÍA Y ESPARTERÍA | L66: Activo | N66: SI | O66: Desagregado | P66: SI | Q66: - | R66: SI
A67: A | B67: 02 | C67: 02 | D67: 01 | E67: 003 | F67: 002 | J67: A-02-02-01-003-002 | K67: PASTA O PULPA, PAPEL Y PRODUCTOS DE PAPEL; IMPRESOS Y ARTÍCULOS SIMILARES | L67: Activo | N67: SI | O67: Desagregado | P67: - | Q67: SI | R67: -
A68: A | B68: 02 | C68: 02 | D68: 01 | E68: 003 | F68: 003 | J68: A-02-02-01-003-003 | K68: PRODUCTOS DE HORNOS DE COQUE; PRODUCTOS DE REFINACIÓN DE PETRÓLEO Y COMBUSTIBLE NUCLEAR | L68: Activo | N68: SI | O68: Desagregado | P68: - | Q68: SI | R68: -
A69: A | B69: 02 | C69: 02 | D69: 01 | E69: 003 | F69: 004 | J69: A-02-02-01-003-004 | K69: QUÍMICOS BÁSICOS | L69: Activo | N69: SI | O69: Desagregado | P69: - | Q69: SI | R69: -
A70: A | B70: 02 | C70: 02 | D70: 01 | E70: 003 | F70: 005 | J70: A-02-02-01-003-005 | K70: OTROS PRODUCTOS QUÍMICOS; FIBRAS ARTIFICIALES (O FIBRAS INDUSTRIALES HECHAS POR EL HOMBRE) | L70: Activo | N70: SI | O70: Desagregado | P70: - | Q70: SI | R70: -
... A106: A | B106: 02 | C106: 02 | D106: 02 | E106: 009 | F106: 007 | J106: A-02-02-02-009-007 | K106: OTROS SERVICIOS | L106: Activo | N106: SI | O106: Desagregado | P106: - | Q106: SI | R106: -
A107: A | B107: 02 | C107: 02 | D107: 02 | E107: 010 | J107: A-02-02-02-010 | K107: VIÁTICOS DE LOS FUNCIONARIOS EN COMISIÓN | L107: Activo | N107: SI | O107: Desagregado | P107: - | Q107: - | R107: SI
A108: A | B108: 02 | C108: 02 | D108: 03 | J108: A-02-02-03 | K108: GASTOS IMPREVISTOS | L108: Activo | N108: - | O108: Desagregado | P108: - | Q108: - | R108: -
A109: A | B109: 02 | C109: 02 | D109: 04 | J109: A-02-02-04 | K109: GASTOS RESERVADOS | L109: Activo | N109: SI | O109: Desagregado | P109: SI | Q109: - | R109: SI
A110: A | B110: 03 | J110: A-03 | K110: TRANSFERENCIAS CORRIENTES | L110: Activo | N110: - | O110: - | P110: - | Q110: - | R110: -
A111: A | B111: 03 | C111: 04 | J111: A-03-04 | K111: PRESTACIONES PARA CUBRIR RIESGOS SOCIALES | L111: Activo | N111: - | O111: - | P111: - | Q111: - | R111: -
A112: A | B112: 03 | C112: 04 | D112: 02 | J112: A-03-04-02 | K112: PRESTACIONES SOCIALES RELACIONADAS CON EL EMPLEO | L112: Activo | N112: - | O112: - | P112: - | Q112: - | R112: SI
A113: A | B113: 03 | C113: 04 | D113: 02 | E113: 012 | F113: 001 | J113: A-03-04-02-012-001 | K113: INCAPACIDADES (NO DE PENSIONES) | L113: Activo | N113: SI | O113: Desagregado | P113: - | Q113: - | R113: SI
A114: A | B114: 03 | C114: 04 | D114: 02 | E114: 012 | F114: 002 | J114: A-03-04-02-012-002 | K114: LICENCIAS DE MATERNIDAD Y PATERNIDAD (NO DE PENSIONES) | L114: Activo | N114: SI | O114: Desagregado | P114: - | Q114: - | R114: SI
A115: A | B115: 03 | C115: 04 | D115: 02 | E115: 016 | J115: A-03-04-02-016 | K115: SERVICIOS MÉDICOS, EDUCATIVOS, RECREATIVOS, Y CULTURALES PARA FUNCIONARIOS DE LA CONTRALORÍA GENERAL DE LA REPÚBLICA (ART. 90 Y 91 LEY 106 DE 1993) (NO DE PENSIONES) | L115: Activo | N115: SI | O115: Decreto de Liquidación | P115: - | Q115: - | R115: -
A116: A | B116: 03 | C116: 10 | J116: A-03-10 | K116: SENTENCIAS Y CONCILIACIONES | L116: Activo | N116: - | O116: Decreto de Liquidación | P116: - | Q116: SI | R116: -
A117: A | B117: 03 | C117: 10 | D117: 01 | J117: A-03-10-01 | K117: FALLOS NACIONALES | L117: Activo | N117: - | O117: - | P117: - | Q117: - | R117: -
A118: A | B118: 03 | C118: 10 | D118: 01 | E118: 001 | J118: A-03-10-01-001 | K118: SENTENCIAS | L118: Activo | N118: SI | O118: Desagregado | P118: - | Q118: - | R118: SI
A119: A | B119: 03 | C119: 10 | D119: 01 | E119: 002 | J119: A-03-10-01-002 | K119: CONCILIACIONES | L119: Activo | N119: SI | O119: Desagregado | P119: - | Q119: - | R119: SI
A120: A | B120: 06 | J120: A-06 | K120: ADQUISICIÓN DE ACTIVOS FINANCIEROS | L120: Activo | N120: - | O120: - | P120: - | Q120: - | R120: -
A121: A | B121: 06 | C121: 01 | J121: A-06-01 | K121: CONCESIÓN DE PRÉSTAMOS | L121: Activo | N121: - | O121: - | P121: - | Q121: - | R121: -
A122: A | B122: 06 | C122: 01 | D122: 04 | J122: A-06-01-04 | K122: A PERSONAS NATURALES | L122: Activo | N122: - | O122: - | P122: - | Q122: - | R122: SI
A123: A | B123: 06 | C123: 01 | D123: 04 | E123: 001 | J123: A-06-01-04-001 | K123: PRÉSTAMOS DIRECTOS (DECRETO LEY 1010/2000) | L123: Activo | N123: SI | O123: Decreto de Liquidación | P123: - | Q123: - | R123: -
A124: A | B124: 07 | J124: A-07 | K124: DISMINUCIÓN DE PASIVOS | L124: Activo | N124: - | O124: - | P124: - | Q124: - | R124: -
A125: A | B125: 07 | C125: 01 | J125: A-07-01 | K125: CESANTÍAS | L125: Activo | N125: - | O125: Decreto de Liquidación | P125: - | Q125: - | R125: -
A126: A | B126: 07 | C126: 01 | D126: 01 | J126: A-07-01-01 | K126: CESANTÍAS DEFINITIVAS | L126: Activo | N126: SI | O126: Desagregado | P126: - | Q126: - | R126: SI
A127: A | B127: 07 | C127: 01 | D127: 02 | J127: A-07-01-02 | K127: CESANTÍAS PARCIALES | L127: Activo | N127: SI | O127: Desagregado | P127: - | Q127: - | R127: SI
A128: A | B128: 08 | J128: A-08 | K128: GASTOS POR TRIBUTOS, MULTAS, SANCIONES E INTERESES DE MORA | L128: Activo | N128: - | O128: - | P128: - | Q128: - | R128: -
A129: A | B129: 08 | C129: 01 | J129: A-08-01 | K129: IMPUESTOS | L129: Activo | N129: - | O129: Decreto de Liquidación | P129: - | Q129: - | R129: -
A130: A | B130: 08 | C130: 01 | D130: 01 | J130: A-08-01-01 | K130: IMPUESTOS NACIONALES | L130: Activo | N130: - | O130: - | P130: - | Q130: - | R130: -
A131: A | B131: 08 | C131: 01 | D131: 01 | E131: 003 | J131: A-08-01-01-003 | K131: IMPUESTOS SOBRE LA RENTA Y COMPLEMENTARIOS | L131: Activo | N131: SI | O131: Desagregado | P131: - | Q131: - | R131: SI
A132: A | B132: 08 | C132: 01 | D132: 02 | J132: A-08-01-02 | K132: IMPUESTOS TERRITORIALES | L132: Activo | N132: - | O132: - | P132: - | Q132: - | R132: -
A133: A | B133: 08 | C133: 01 | D133: 02 | E133: 001 | J133: A-08-01-02-001 | K133: IMPUESTO PREDIAL Y SOBRETASA AMBIENTAL | L133: Activo | N133: SI | O133: Desagregado | P133: - | Q133: - | R133: SI
A134: A | B134: 08 | C134: 01 | D134: 02 | E134: 005 | J134: A-08-01-02-005 | K134: IMPUESTO DE REGISTRO | L134: Activo | N134: SI | O134: Desagregado | P134: - | Q134: - | R134: SI
A135: A | B135: 08 | C135: 01 | D135: 02 | E135: 006 | J135: A-08-01-02-006 | K135: IMPUESTO SOBRE VEHÍCULOS AUTOMOTORES | L135: Activo | N135: SI | O135: Desagregado | P135: - | Q135: - | R135: SI
A136: A | B136: 08 | C136: 03 | J136: A-08-03 | K136: TASAS Y DERECHOS ADMINISTRATIVOS | L136: Activo | N136: SI | O136: Decreto de Liquidación | P136: - | Q136: - | R136: SI
A137: A | B137: 08 | C137: 04 | J137: A-08-04 | K137: CONTRIBUCIONES | L137: Activo | N137: - | O137: - | P137: - | Q137: - | R137: -
...
